 Dungeon Crawl Stone Soup version 0.26-a0-449-g08c0c8f (webtiles) character file.

Game seed: 7099115339273019589

1012 Ayyar the Cudgeler (level 8, -2/79 HPs)
             Began as a Troll Chaos Knight on July 26, 2020.
             Was a Plaything of Xom.
             Killed from afar by a shadow imp (34 damage)
             ... with an exploding inner flame
             ... summoned by Xom
             ... hexed by the player character
             ... on level 4 of the Dungeon.
             The game lasted 00:14:50 (2407 turns).

Ayyar the Cudgeler (Troll Chaos Knight)             Turns: 2407, Time: 00:14:51

Health: -2/79      AC:  9    Str: 23    XL:     8   Next: 1%
Magic:  7/7        EV:  9    Int:  8    God:    Xom [*.....]
Gold:   129        SH:  9    Dex:  9    Spells: 7/7 levels left

rFire    . . .     SeeInvis .   a - +3 mace (chaos)
rCold    . . .     Faith    .   e - +0 kite shield
rNeg     . . .     Spirit   .   h - +1 robe {MR+}
rPois    .         Reflect  .   (helmet restricted)
rElec    .         Harm     .   q - +1 cloak
rCorr    .                      (gloves unavailable)
MR       +....                  (boots unavailable)
Stlth    ++........             (no amulet)
HPRegen  0.63/turn              j - ring of stealth
MPRegen  0.10/turn              (no ring)

@: about to teleport, hasted, very quick
A: large, unfitting armour, claws 3, regeneration 1, shaggy fur 1, tough skin 3
a: Renounce Religion


You were on level 4 of the Dungeon.
You worshipped Xom.
You were a special plaything of Xom.
You visited 1 branch of the dungeon, and saw 4 of its levels.

You collected 129 gold pieces.

Inventory:

Hand Weapons
 a - a +3 mace of chaos (weapon)
Missiles
 r - 6 boomerangs (quivered)
Armour
 b - a +2 robe
 e - a +0 kite shield (worn)
 h - a +1 robe of magic resistance (worn)
 q - a +1 cloak (worn)
Jewellery
 j - a ring of stealth (left claw)
Wands
 u - a wand of paralysis (9)
Scrolls
 f - 2 scrolls of identify
 g - 3 scrolls of remove curse
 k - a scroll of random uselessness {unknown}
 p - a scroll of enchant armour {unknown}
 t - a scroll of enchant weapon
Potions
 c - a potion of haste
 d - a potion of flight
 i - a potion of invisibility
 l - a potion of brilliance
 o - a potion of lignification


   Skills:
 + Level 4.5 Fighting
 + Level 5.0 Maces & Flails
 + Level 4.2 Dodging
 + Level 3.6 Shields


You had 7 spell levels left.
You didn't know any spells.
Your spell library contained the following spells:

 Spells                   Type           Power        Failure   Level
 Corona                   Hex            #......      80%         1
 Ensorcelled Hibernation  Hex/Ice        #.....       90%         2
 Confusing Touch          Hex            #.......     99%         3
 Dazzling Flash           Conj/Hex       #.....       99%         3
 Tukima's Dance           Hex            #.......     99%         3


Dungeon Overview and Level Annotations

Branches:
Dungeon (4/15)
 Temple: D:4-7

Altars:
Ashenzari
Elyvilon
Fedhas
Gozag
Okawaru
Yredelemnul

Annotations:
D:4 Edmund


Innate Abilities, Weirdness & Mutations

You are too large for most types of armour.
You have claws for hands.
Your natural rate of healing is unusually fast.
You are covered in fur. (AC +1)
You have extremely tough skin. (AC +3)


Message History

You resist with some effort. You block the red devil's attack.
Okay, then.
You closely miss the shadow imp.
You feel sick.
You are no longer poisoned.
As you read the scroll labeled LIN VIREUSORE, it crumbles to dust.
You feel strangely unstable.
It was a scroll of teleportation.
The shadow imp hits you but does no damage.
The red devil hits you but does no damage.
You hit the shadow imp.
Flame seeps out of the shadow imp.
The shadow imp is moderately wounded.
The white imp summons a swarm of flies.
The shadow imp is engulfed in blazing flames.
The shadow imp explodes!
The fiery explosion engulfs the white imp!!!
The white imp is burned terribly!
The white imp explodes!
The fiery explosion engulfs Edmund!!
Flame seeps out of Edmund.
Edmund is severely wounded.
The fiery explosion engulfs you!!
You die...

... ..... .... ....>.
.(... .... .....####...
..........# ......§@§.#
#§# #○# . #@##....###
#####4#.......##.
#######...ooo..>.......
........###§#.........
#######.............#
##).............##
#####................####
........................#
..##....................#


You could see Edmund (inner flame), a red devil (summoned, inner flame), an orc
wizard (summoned, inner flame) and 2 orcs.

Vanquished Creatures
  A two-headed ogre (D:3)
  Sigmund (D:2)
  A water moccasin skeleton (D:4)
  A bullfrog skeleton (D:3)
  A worker ant (D:4)
  Terence (D:2)
  3 adders
  An ooze (D:1)
  An adder skeleton (D:4)
  3 worms
  A dart slug (D:2)
  2 leopard geckos
  An orc (D:3)
  3 giant cockroaches
  6 goblins
  5 hobgoblins
  16 jackals
  A quokka (D:2)
  8 bats
  3 frilled lizards
  4 kobolds
  6 rats
70 creatures vanquished.

Notes
Turn   | Place    | Note
-------+----------+-------------------------------------------
     0 | D:1      | Ayyar the Troll Chaos Knight began the quest for the Orb.
     0 | D:1      | Reached XP level 1. HP: 22/22 MP: 0/0
    55 | D:1      | Reached XP level 2. HP: 27/29 MP: 1/1
   141 | D:1      | XOM: 1-stop teleportation journey
   379 | D:1      | Reached skill level 3 in Maces & Flails
   408 | D:1      | Reached XP level 3. HP: 36/36 MP: 2/2
   699 | D:2      | XOM: silly message
   738 | D:2      | Reached skill level 1 in Shields
   932 | D:2      | XOM: divination: detect items
  1024 | D:2      | Found a faded altar of an unknown god.
  1035 | D:2      | Reached XP level 4. HP: 34/44 MP: 3/3
  1109 | D:2      | XOM: divination: magic mapping
  1114 | D:2      | Noticed Sigmund
  1150 | D:2      | Killed Sigmund
  1150 | D:2      | Reached XP level 5. HP: 20/53 MP: 4/4
  1226 | D:2      | Noticed Terence
  1241 | D:2      | Killed Terence
  1433 | D:2      | XOM: silly message
  1579 | D:3      | Found an iron altar of Okawaru.
  1579 | D:3      | Found a shattered altar of Ashenzari.
  1599 | D:3      | XOM: silly message
  1641 | D:3      | Reached XP level 6. HP: 53/61 MP: 5/5
  1667 | D:3      | Found a basalt altar of Yredelemnul.
  1799 | D:3      | XOM: god gift: scroll labeled KUIPNEBIKH {god gift}
  1806 | D:3      | Found a white marble altar of Elyvilon.
  2058 | D:3      | Found a blossoming altar of Fedhas.
  2058 | D:3      | Found an opulent altar of Gozag.
  2060 | D:3      | Noticed a two-headed ogre
  2062 | D:3      | Found a transporter.
  2069 | D:3      | Found a transporter.
  2202 | D:3      | XOM: cast spell 'Leda's Liquefaction'
  2206 | D:3      | XOM: divination: detect creatures
  2213 | D:3      | XOM: potion effect (stabbing)
  2217 | D:3      | Killed a two-headed ogre
  2217 | D:3      | Reached skill level 4 in Maces & Flails
  2217 | D:3      | Reached XP level 7. HP: 43/71 MP: 6/6
  2373 | D:4      | Noticed Edmund
  2377 | D:4      | XOM: potion effect (curing)
  2379 | D:4      | XOM: potion effect (haste)
  2381 | D:4      | Reached skill level 5 in Maces & Flails
  2381 | D:4      | Reached XP level 8. HP: 65/79 MP: 7/7
  2383 | D:4      | XOM: summons 5 hostile demons
  2384 | D:4      | Noticed an ice devil
  2394 | D:4      | Noticed a red devil
  2394 | D:4      | an ice devil changed into a red devil
  2401 | D:4      | XOM: summons 3 hostile shadow creatures
  2407 | D:4      | Killed from afar by a shadow imp

Illustrated notes

Levels and vault maps discovered:
D:1:      lemuel_arrival_broad_hall, layout_loops_cross, due_unseen_surprise
D:2:      layout_loops_ring, chequers_ecumenical_altar_simple, uniq_sigmund,
          uniq_terence
D:3:      layout_basic, lemuel_crystal_altar, gammafunk_temple_overflow_arena,
          chequers_temple_overflow_statue_of_worship, elyvilon_altar_3
D:4:      layout_rooms, uniq_edmund, uniq_natasha

Skill      XL: |  1  2  3  4  5  6  7 |
---------------+----------------------+-----
Dodging        | 2 3 4 |  4.2
Maces & Flails | 3 4 5 |  5.0
Shields        | 1 2 3 |  3.6
Fighting       | 3 4 |  4.5

Action                   |  1- 3 |  4- 6 |  7- 9 || total
-------------------------+-------+-------+-------++-------
Melee: Mace              |   143 |   104 |    32 ||   279
  Use: Potion            |       |     3 |     2 ||     5
       Scroll            |       |     9 |     2 ||    11
 Stab: Paralysed         |       |     1 |       ||     1
       Sleeping          |       |     1 |       ||     1
Armor: Robe              |   133 |    30 |    10 ||   173
Dodge: Dodged            |    82 |    23 |    10 ||   115
Block: Kite shield       |    93 |    33 |    14 ||   140

Table legend: (Time is in decaauts)
 A = Elapsed time spent in this place.
 B = Non-inter-level travel time spent in this place.
 C = Inter-level travel time spent in this place.
 D = Time resting spent in this place.
 E = Time spent auto-exploring this place.
 F = Levels seen in this place.
 G = Mean time per level.
                   A        B        C        D        E       F      G
               +--------+--------+--------+--------+--------+-----+--------+
         Total |   2446 |   2269 |    177 |     49 |   1599 |   4 |  611.5 |
       Dungeon |   2446 |   2269 |    177 |     49 |   1599 |   4 |  611.5 |
               +--------+--------+--------+--------+--------+-----+--------+

Top non-repeatable levels by time:
     D:2: 898 daAuts
     D:3: 753 daAuts
     D:1: 721 daAuts
     D:4: 73 daAuts
